 Dungeon Crawl Stone Soup version 0.23.2-1-ga50397a (webtiles) character file.

Game seed: 6691730471583746970

19 xveg the Scratcher (level 2, -2/12 HPs)
             Began as a Felid Transmuter on May 9, 2019.
             Slain by a worm (11 damage)
             ... on level 2 of the Dungeon.
             The game lasted 00:02:38 (777 turns).

xveg the Scratcher (Felid Transmuter)                Turns: 777, Time: 00:02:38

Health: -2/12      AC:  1    Str:  6    XL:     2   Next: 55%
Magic:  6/6        EV: 23    Int: 14    God:
Gold:   67         SH:  0    Dex: 16    Spells: 4/5 levels left
                                        Lives:  0   Deaths: 0

rFire    . . .     SeeInvis +     - Unarmed
rCold    . . .     Gourm    .   (shield unavailable)
rNeg     . . .     Faith    .   (armour unavailable)
rPois    .         Spirit   .   (helmet unavailable)
rElec    .         Reflect  .   (cloak unavailable)
rCorr    .         Harm     .   (gloves unavailable)
MR       .....                  (boots unavailable)
Stlth    +.........             (no amulet)
HPRegen  0.04/turn              f - ring of attention (curse)
MPRegen  0.10/turn              h - +5 ring of evasion

@: quick
A: very small, no armour, no weapons or thrown items, stealth, claws 1, fangs 3,
see invisible, carnivore, speed 1, shaggy fur 1, slow metabolism 1, sharp paws
a: no special abilities


You were on level 2 of the Dungeon.
You were not hungry.

You visited 1 branch of the dungeon, and saw 2 of its levels.

You collected 67 gold pieces.

Inventory:

Missiles
 a - 28 arrows
Jewellery
 f - a cursed ring of attention (left paw)
 h - a +5 ring of evasion (right paw)
Scrolls
 b - a scroll of magic mapping {unknown}
 d - 4 scrolls of identify {unknown}
 e - 2 scrolls of teleportation {unknown}
 g - a scroll of enchant armour {unknown}
 j - 2 scrolls of enchant weapon {unknown}
 l - a scroll of remove curse {unknown}
 m - a scroll of fog {unknown}
Potions
 i - a potion of curing {unknown}
 k - a potion of agility {unknown}
Comestibles
 c - 2 rations


   Skills:
 + Level 1.0 Fighting
 + Level 3.0 Dodging
 + Level 0.4 Stealth
 + Level 3.4 Unarmed Combat
 + Level 2.2 Spellcasting
 + Level 2.2 Transmutations


You had 4 spell levels left.
You knew the following spells:

 Your Spells              Type           Power        Failure   Level  Hunger
a - Beastly Appendage     Tmut           #.....       9%          1    #......

Your spell library contained the following spells:

 Spells                   Type           Power        Failure   Level  Hunger
 Sticks to Snakes         Tmut           #.......     14%         2    ###....
 Spider Form              Tmut/Pois      #.........   41%         3    ###....
 Ice Form                 Ice/Tmut       #.......     82%         4    #####..
 Blade Hands              Tmut           #.........   94%         5    ######.


Dungeon Overview and Level Annotations

Branches:
Dungeon (2/15)

Altars:


Innate Abilities, Weirdness & Mutations

You cannot wear armour.
You are incapable of wielding weapons or throwing items.
Your paws allow you to move quietly. (Stealth)
You have sharp claws.
You have razor-sharp teeth.
You have supernaturally acute eyesight. (SInv)
You are carnivorous and can eat meat at any time.
You cover ground quickly.
You are covered in fur. (AC +1)
You have a slow metabolism.
Your sharp claws are effective at attacking unaware monsters.


Message History

There is a stone staircase leading up here.
Found a smoky inky potion.
You scratch the worm.
The worm is moderately wounded.
You barely miss the worm.
The worm is moderately wounded.
The worm bites you.
You scratch the worm.
The worm is moderately wounded.
You scratch the worm.
The worm is heavily wounded.
The worm completely misses you.
You scratch the worm.
The worm is heavily wounded.
The ooze completely misses you.
You scratch the worm. You claw the worm.
The worm is almost dead.
The worm bites you!
Ouch! That really hurt!
You die...

# #. ♣♣.#
# ≈≈P# !#
♣♣≈≈ .#
#P.# ..
#.J##.#
##..@w##
#.<....#
#.#####..#
... .#
#>#. #
#.#. # #.
#. #.


You could see a worm and an ooze.

Vanquished Creatures
  A dart slug (D:1)
  A leopard gecko (D:1)
  2 giant cockroaches (D:1)
  A goblin (D:1)
  A hobgoblin (D:1)
  4 bats (D:1)
  2 frilled lizards (D:1)
  2 kobolds (D:1)
  3 rats (D:1)
17 creatures vanquished.

Notes
Turn   | Place    | Note
-------+----------+-------------------------------------------
     0 | D:1      | xveg the Felid Transmuter began the quest for the Orb.
     0 | D:1      | Reached XP level 1. HP: 9/9 MP: 4/4
   162 | D:1      | Reached XP level 2. HP: 5/12 MP: 4/6
   777 | D:2      | Slain by a worm

Skill      XL: |  1  2 |
---------------+-------+-----
Dodging        | 3 |  3.0
Fighting       | |  1.0
Stealth        | |  0.4
Unarmed Combat | |  3.4
Spellcasting   | |  2.2
Transmutations | |  2.2

Action                   || total
-------------------------++-------
Melee: Unarmed           ||    56
       Punch             ||     1
 Cast: Beastly Appendage ||     3
 Stab: Sleeping          ||     2
  Eat: Chunk             ||     1
Armor: Skin              ||     4
Dodge: Dodged            ||    36
